 Dungeon Crawl Stone Soup version 0.24-a0-446-g87df7205b4 (webtiles) character file.

Game seed: 11996213358140951435

413 JellyEater the Digger (level 6, -18/32 HPs)
             Began as a Gargoyle Earth Elementalist on June 23, 2019.
             Demolished by an ogre
             ... wielding a +0 giant spiked club
              (29 damage)
             ... on level 4 of the Dungeon.
             The game lasted 00:07:50 (3847 turns).

JellyEater the Digger (Gargoyle Earth Elementalist) Turns: 3847, Time: 00:07:50

Health: -18/32     AC:  8    Str: 17    XL:     6   Next: 91%
Magic:  11/12      EV: 12    Int: 17    God:
Gold:   158        SH:  0    Dex: 10    Spells: 9/13 levels left

rFire    . . .     SeeInvis .   i - +3 whip (drain)
rCold    . . .     Gourm    .   (no shield)
rNeg     + . .     Faith    .   k - +0 robe (curse)
rPois    ∞         Spirit   .   (no helmet)
rElec    +         Reflect  .   s - +0 cloak
rCorr    .         Harm     .   (no gloves)
MR       .....                  h - +0 pair of boots
Stlth    ++........             o - amulet of magic regeneration
HPRegen  0.10/turn              (no ring)
MPRegen  0.38/turn              (no ring)

@: mighty
A: negative energy resistance 1, electricity resistance, unbreathing,
petrification resistance, rot immunity, AC +4
a: no special abilities


You were on level 4 of the Dungeon.
You were not hungry.

You visited 1 branch of the dungeon, and saw 4 of its levels.

You collected 158 gold pieces.

Inventory:

Hand Weapons
 a - a +1 dagger of protection
 i - a +3 whip of draining (weapon)
 r - a +3 quarterstaff of chaos
 v - a +0 flail
 w - a +1 dagger of venom
Missiles
 b - 84 stones (quivered)
Armour
 c - a +0 robe
 h - a +0 pair of boots (worn)
 k - a cursed +0 robe (worn)
 s - a +0 cloak (worn)
Jewellery
 e - an uncursed ring of ice
 o - an amulet of magic regeneration (around neck)
Scrolls
 f - 3 scrolls of identify
 j - a scroll of teleportation
 m - 2 scrolls of amnesia
Potions
 p - a potion of ambrosia {unknown}
 q - a potion of brilliance {unknown}
 t - a potion of heal wounds {unknown}
 u - 2 potions of agility {unknown}
Comestibles
 d - 5 rations


   Skills:
 - Level 1.5 Dodging
 - Level 2.1 Stealth
 + Level 4.2 Spellcasting
 + Level 3.4 Conjurations
   Level 0.7 Transmutations
 + Level 6.2 Earth Magic


You had 9 spell levels left.
You knew the following spells:

 Your Spells              Type           Power        Failure   Level  Hunger
a - Sandblast             Erth           ###...       1%          1    None
b - Stone Arrow           Conj/Erth      ###...       6%          3    ###....

Your spell library contained the following spells:

 Spells                   Type           Power        Failure   Level  Hunger
 Passwall                 Tmut/Erth      ###.....     5%          2    ##.....
 Corona                   Hex            #......      16%         1    None
 Dazzling Spray           Conj/Hex       #.....       22%         3    ###....
 Ensorcelled Hibernation  Hex/Ice        #.....       24%         2    ##.....
 Lee's Rapid Deconstruct  Erth           ###.......   32%         5    ######.
 Petrify                  Tmut/Erth      ###.....     36%         4    ####...
 Confuse                  Hex            #.......     43%         3    ###....
 Tukima's Dance           Hex            #.......     43%         3    ###....


Dungeon Overview and Level Annotations

Branches:
Dungeon (4/15)
 Temple: D:4-7

Altars:
Hepliaklqana

Annotations:
D:4 Eustachio


Innate Abilities, Weirdness & Mutations

You are resistant to torment.
Your stone body is resilient. (AC +4)
You are immune to poison.
You resist negative energy. (rN+)
You are resistant to electric shocks. (rElec)
You can survive without breathing.
You are immune to petrification.
You are immune to rotting.


Message History

The bat hits you but does no damage. The bat barely misses you.
You barely miss the ogre. The bat misses you. The bat closely misses you.
The ogre misses you.
Casting: Sandblast (safe; 1% risk of failure)
Confirm with . or Enter, or press ? or * to list all spells.
Aiming: Sandblast (safe; 1% risk of failure)
Press: ? - help, Shift-Dir - straight line, f - ogre
Aim: an ogre, wielding a +0 giant spiked club The blast of sand hits the ogre!
The ogre is heavily wounded.
b - 84 stones The bat misses you.
The bat hits you but does no damage.
The ogre hits you with a +0 giant spiked club!!
Ouch! That really hurt!
* * * LOW HITPOINT WARNING * * *
You feel better. The bat barely misses you. x2
The bat hits you but does no damage.
The ogre hits you with a +0 giant spiked club!!
Ouch! That really hurt!
You die...

## ###.##
#....##
#....#
#.b.#
#b@%##
##O..#
#...##
##...#
#...##
##...####
#...#..##
#.......#
#.......#


You could see an ogre and 2 bats.

Vanquished Creatures
  A scorpion (D:4)
  A jelly (D:4)
  Crazy Yiuf (D:2)
  An orc priest (D:3)
  4 orc wizards
  Jessica (D:2)
  2 adders
  An ooze (D:4)
  5 worms
  A leopard gecko (D:2)
  22 orcs
  5 giant cockroaches
  5 goblins
  4 hobgoblins
  9 jackals
  4 kobolds
  A ball python (D:2)
  3 bats
  A frilled lizard (D:4)
  7 rats
79 creatures vanquished.

Notes
Turn   | Place    | Note
-------+----------+-------------------------------------------
     0 | D:1      | JellyEater the Gargoyle Earth Elementalist began the quest
                  | for the Orb.
     0 | D:1      | Reached XP level 1. HP: 10/10 MP: 3/3
   972 | D:1      | Reached XP level 2. HP: 15/15 MP: 5/5
  1142 | D:2      | Reached skill level 4 in Earth Magic
  1337 | D:2      | Reached XP level 3. HP: 16/19 MP: 0/7
  1342 | D:2      | Learned a level 3 spell: Stone Arrow
  1538 | D:2      | Noticed Jessica
  1539 | D:2      | Killed Jessica
  1539 | D:2      | Reached skill level 1 in Conjurations
  1539 | D:2      | Reached XP level 4. HP: 24/24 MP: 4/8
  1722 | D:2      | Reached skill level 5 in Earth Magic
  1816 | D:2      | Found a runed translucent door.
  1817 | D:2      | Noticed Crazy Yiuf
  1827 | D:2      | Killed Crazy Yiuf
  1827 | D:2      | Reached XP level 5. HP: 24/28 MP: 2/10
  1980 | D:2      | Found a hazy altar of Hepliaklqana.
  2659 | D:3      | Reached XP level 6. HP: 32/32 MP: 11/11
  3636 | D:4      | Noticed Eustachio
  3708 | D:4      | Reached skill level 6 in Earth Magic
  3847 | D:4      | Demolished by an ogre

Levels and vault maps discovered:
D:1:      minmay_arrival_stair_chambers, layout_loops_corners
D:2:      layout_loops_ring, lemuel_doored_altar, uniq_crazy_yiuf_cottage,
          uniq_jessica
D:3:      layout_basic
D:4:      minmay_chambers_of_fours, layout_cave_pods, first_ration,
          kennysheep_nub, uniq_ijyb, uniq_eustachio

Skill      XL: |  1  2  3  4  5  6 |
---------------+-------------------+-----
Earth Magic    | 4 5 6 |  6.2
Spellcasting   | 3 4 |  4.2
Conjurations   | 1 2 3 |  3.4
Dodging        | |  1.5
Stealth        | |  2.1
Transmutations | |  0.7

Action                   |  1- 3 |  4- 6 || total
-------------------------+-------+-------++-------
Melee: Dagger            |    65 |       ||    65
       Whip              |    10 |   195 ||   205
 Cast: Sandblast         |    13 |    14 ||    27
       Stone Arrow       |       |     6 ||     6
  Use: Scroll            |     6 |     1 ||     7
       Potion            |     2 |     2 ||     4
 Stab: Sleeping          |     2 |     3 ||     5
  Eat: Chunk             |     2 |     8 ||    10
Armor: Robe              |    25 |    88 ||   113
       Skin              |    19 |       ||    19
Dodge: Dodged            |    64 |   183 ||   247

Table legend:
 A = Non-vault XP
 B = Vault XP
 C = Vault XP percentage of total XP
 D = Non-vault monster count
 E = Vault monster count
 F = Vault count percentage of total count
                 A         B        C        D         E       F
            +---------+---------+-------+---------+---------+-------
      Total |     513 |      78 |  13.2 |      77 |       2 |   2.5
            +---------+---------+-------+---------+---------+-------
        D:1 |      10 |       0 |   0.0 |       7 |       0 |   0.0
        D:2 |     107 |      78 |  42.2 |      29 |       2 |   6.5
        D:3 |     259 |       0 |   0.0 |      33 |       0 |   0.0
        D:4 |     137 |       0 |   0.0 |       8 |       0 |   0.0
            +---------+---------+-------+---------+---------+-------
